 Dungeon Crawl Stone Soup version 0.32-a0-616-g9348d4545b (webtiles) character file.

Game seed: 1025321465392047226

4851 sleeves the Thaumaturge (level 10, -4/60 HPs)
             Began as a Djinni Necromancer on Mar 6, 2024.
             Was an Initiate of Makhleb.
             Shot with an arrow by a centaur (7 damage)
             ... on level 8 of the Dungeon.
             The game lasted 00:14:58 (8231 turns).

sleeves the Thaumaturge (Djinni Necromancer)        Turns: 8231, Time: 00:14:59

Health: -4/60      AC:  5    Str: 10    XL:     10   Next: 78%
Gold:   466        EV: 12    Int: 21    God:    Makhleb [......] SH:  0 Dex: 14

rFire   + + +        r - +10 dagger of Tumult {distort, rElec rC++ rN+++ Str-3}
rCold   + . .        (no shield)
rNeg    + + +        w - +2 robe {Will+}
rPois   ∞            (no helmet)
rElec   +            i - +0 cloak
rCorr   .            (no gloves)
SInv    .            (boots unavailable)
Will    ++...        (no amulet)
Stlth   ++           l - ring of protection from fire
HPRegen 0.30/turn    C - +6 ring of strength
MPRegen 0.00/turn

%: infuse magic (-5 HP)
@: about to teleport, flying
A: sickness immunity, fire resistance 2, cold vulnerability 1, float, innate
caster, HP casting, extra vitality 1
a: Renounce Religion


You were on level 8 of the Dungeon.
You worshipped Makhleb.
Makhleb was noncommittal.
You visited 2 branches of the dungeon, and saw 9 of its levels.
You also visited: Sewer.

You collected 508 gold pieces.
You spent 42 gold pieces at shops.

Inventory:

Hand Weapons
 h - a +2 dagger of venom
   (You took it off a kobold on level 2 of the Dungeon)
 r - the +10 dagger of Tumult (weapon) {distort, rElec rC++ rN+++ Str-3}
   (You found it on level 5 of the Dungeon)

   Str-3:     It affects your strength (-3).
   rC++:      It greatly protects you from cold.
   rElec:     It insulates you from electricity.
   rN+++:     It renders you almost immune to negative energy.
Armour
 i - a +0 cloak (worn)
   (You found it on level 4 of the Dungeon)
 t - the +3 leather armour of Tortured Music {+Blink Fly rF- rC+}
   (You found it on level 5 of the Dungeon)

   rF-:       It makes you vulnerable to fire.
   rC+:       It protects you from cold.
   Fly:       It grants you flight.
   +Blink:    It lets you blink.
 w - a +2 robe of willpower (worn)
   (You took it off an orc wizard on level 5 of the Dungeon)
Jewellery
 l - a ring of protection from fire (left hand)
   (You found it on level 2 of the Dungeon)
 C - a +6 ring of strength (right hand)
   (You found it on level 7 of the Dungeon)
 D - a +6 ring of strength
   (You found it on level 7 of the Dungeon)
Wands
 q - a wand of digging (6)
   (You found it on level 5 of the Dungeon)
Scrolls
 c - 3 scrolls of revelation {unknown}
 g - 4 scrolls of enchant weapon {unknown}
 j - 8 scrolls of identify {unknown}
 m - a scroll of fear {unknown}
 n - 4 scrolls of amnesia {unknown}
 s - 3 scrolls of immolation {unknown}
 u - 2 scrolls of noise {unknown}
 x - 3 scrolls of enchant armour {unknown}
 y - a scroll of summoning {unknown}
 z - 2 scrolls of vulnerability {unknown}
 B - a scroll of torment {unknown}
Potions
 a - 2 potions of invisibility {unknown}
 b - 2 potions of heal wounds {unknown}
 d - 2 potions of degeneration {unknown}
 e - 5 potions of attraction {unknown}
 f - a potion of lignification {unknown}
 k - a potion of haste {unknown}
 p - 2 potions of mutation {unknown}
 v - a potion of brilliance {unknown}
 A - a potion of berserk rage {unknown}


   Skills:
 - Level 2.1 Dodging
 - Level 1.5 Stealth
 + Level 12.3 Spellcasting
 + Level 12.3 Conjurations
 + Level 12.3 Hexes
 + Level 12.3 Summonings
 + Level 12.3 Necromancy
 + Level 12.3 Translocations
 + Level 12.3 Fire Magic
 + Level 12.3 Ice Magic
 + Level 12.3 Air Magic
 + Level 12.3 Earth Magic
 + Level 12.3 Alchemy


You knew the following spells:

 Your Spells              Type           Power      Damage    Failure   Level
a - Necrotise             Necr           100%       1d9       1%          1
b - Vampiric Draining     Necr           60%        2d10      1%          3
c - Animate Dead          Necr           60%        N/A       1%          4
d - Curse of Agony        Necr           60%        N/A       1%          5
e - Kiss of Death         Conj/Necr      100%       2d13      1%          1
f - Searing Ray           Conj           100%       2d8       1%          2
g - Stone Arrow           Conj/Erth      100%       3d13      1%          3
h - Frozen Ramparts       Ice            100%       1d16      1%          3
Your spell library was empty.

Dungeon Overview and Level Annotations

Branches:
Dungeon (8/15)             Temple (1/1) D:7           Sewer (visited)
   Lair: D:8-11

Altars:
Ashenzari
Cheibriados
Dithmenos
Elyvilon
Fedhas
Gozag
Hepliaklqana
Makhleb
Okawaru
Qazlal
Ru
Trog
Uskayaw
Wu Jian
Xom
Yredelemnul
Zin
The Shining One

Shops:
D:3 *


Innate Abilities, Weirdness & Mutations

You are immune to sickness and miasma.
You are immune to poison.
Your flesh is very heat resistant. (rF++)
You are vulnerable to cold. (rC-)
You float through the air rather than walking.
You learn spells naturally, not from books.
Your magical power is your life essence.
You have superior vitality. (+4 MHP)


Message History

No target in view!
No target in view!
No target in view!
No target in view!
No target in view!
No target in view!
A dart slug comes into view.
You see here a frilled lizard corpse.
A dart slug is nearby!
A dart slug is nearby!
The dart slug launches a dart at you. The slug dart hits you.
You puncture the dart slug!
Space warps around the dart slug!
You kill the dart slug!
No target in view!
No target in view!
No target in view!
No target in view!
No target in view!
No target in view!
No target in view!
No target in view!
No target in view!
No target in view!
No target in view!
No target in view!
No target in view!
A ball python comes into view.
A ball python is nearby!
A ball python is nearby!
The ball python barely misses you. x2
You puncture the ball python!
You kill the ball python!
No target in view!
No target in view!
No target in view!
No target in view!
Found a gate leading back out of this place.
A giant cockroach comes into view.
A ball python comes into view. 2 frilled lizards come into view.
The giant cockroach bites you but does no damage.
You hit the giant cockroach.
The giant cockroach is almost dead.
The giant cockroach blinks!
The frilled lizard hisses angrily.
The ball python hisses angrily.
The frilled lizard hisses angrily.
An adder comes into view.
The ball python closely misses you. The ball python grabs you.
The ball python constricts you.
You hit the ball python.
The ball python is devoured by a tear in reality.
The ball python loses its grip on you.
You puncture the frilled lizard!
You kill the frilled lizard!
The adder closely misses you.
You hit the adder.
Space warps horribly around the adder!
You kill the adder!
The frilled lizard closely misses you.
You miss the frilled lizard.
The frilled lizard bites you but does no damage.
You puncture the giant cockroach!
You kill the giant cockroach!
The frilled lizard bites you but does no damage.
You closely miss the frilled lizard.
The frilled lizard bites you but does no damage.
You miss the frilled lizard.
The frilled lizard bites you but does no damage.
You puncture the frilled lizard!
You kill the frilled lizard!
No target in view!
No target in view!
No target in view!
No target in view!
No target in view!
No target in view!
No target in view!
No target in view!
No target in view!
No target in view!
You see here a frilled lizard corpse.
An endoplasm comes into view.
An endoplasm is nearby!
An endoplasm is nearby!
A dart slug comes into view.
A dart slug comes into view.
A ball python comes into view.
The ball python hisses angrily.
The helpless endoplasm fails to defend itself.
You puncture the endoplasm!
You kill the endoplasm!
The dart slug launches a dart at you. The slug dart hits you.
The dart slug launches a dart at you. The slug dart hits you.
You hit the ball python.
You kill the ball python!
A frilled lizard comes into view.
The frilled lizard hisses angrily.
You puncture the dart slug!
Space warps horribly around the dart slug!!
You kill the dart slug!
You see here a dart slug corpse.
You puncture the dart slug!
The dart slug is almost dead.
The dart slug blinks!
The dart slug launches a dart at you. The slug dart hits you.
You closely miss the frilled lizard. The dart slug launches a dart at you.
The slug dart misses you.
The frilled lizard bites you but does no damage.
You puncture the frilled lizard!
You kill the frilled lizard!
You hit the dart slug.
You kill the dart slug!
No target in view!
No target in view!
No target in view!
You see here a dart slug corpse.
You see here a frilled lizard corpse.
An endoplasm comes into view.
An endoplasm is nearby!
A dart slug comes into view.
The endoplasm quivers. 2 endoplasms come into view.
A ball python comes into view.
The endoplasm quivers.
You puncture the endoplasm!
You kill the endoplasm!
The ball python hisses angrily.
You hear an angry hiss. x2
An adder comes into view.
The adder moves out of view.
The endoplasm quivers.
You puncture the dart slug!
Space warps around the dart slug.
You kill the dart slug!
The ball python barely misses you. x2
You hit the ball python.
You kill the ball python!
The endoplasm jiggles.
The endoplasm hits you but does no damage.
You see here a dart slug corpse.
You closely miss the adder. The adder barely misses you.
The endoplasm freezes you.
You are frozen.
You resist. The adder misses you.
You hit the adder.
Space warps around the adder.
The adder is almost dead.
The endoplasm hits you but does no damage.
The adder bites you.
You barely miss the adder.
The adder is almost dead.
The adder closely misses you. The endoplasm hits you.
You miss the adder.
The adder is almost dead.
The adder bites you but does no damage.
The endoplasm hits you but does no damage.
The adder bites you but does no damage.
You miss the adder.
The adder is almost dead.
The endoplasm freezes you.
You are frozen.
You resist.
A ball python comes into view.
The adder bites you.
You closely miss the adder.
The adder is almost dead.
The endoplasm splashes around in the water.
The adder bites you but does no damage.
You hit the adder but do no damage.
Space warps horribly around the adder!
You kill the adder!
The endoplasm freezes you.
You are frozen.
You resist.
The ball python hisses angrily.
You hit the endoplasm.
Space warps around the endoplasm.
You kill the endoplasm!
The endoplasm closely misses you.
You barely miss the endoplasm. The endoplasm freezes you.
You are frozen.
You resist.
You puncture the endoplasm!
You kill the endoplasm!
The ball python closely misses you. x2
You puncture the ball python!
You kill the ball python!
No target in view!
No target in view!
An endoplasm comes into view.
An endoplasm is nearby!
The endoplasm quivers.
The endoplasm barely misses you.
You hit the endoplasm.
You kill the endoplasm!
No target in view!
No target in view!
An adder comes into view.
An adder is nearby!
An adder is nearby!
A giant cockroach and an endoplasm come into view.
The giant cockroach moves out of view.
The adder hisses angrily.
The endoplasm quivers.
The adder closely misses you. The giant cockroach misses you.
You hit the adder.
Space warps horribly around the adder!!
You kill the adder!
The giant cockroach splashes around in the water.
You hit the giant cockroach.
You kill the giant cockroach!
You puncture the endoplasm!
You kill the endoplasm!
No target in view!
No target in view!
No target in view!
No target in view!
No target in view!
No target in view!
Found a gate leading back out of this place.
A giant cockroach comes into view.
The giant cockroach bites you but does no damage.
You hit the giant cockroach.
The giant cockroach is almost dead.
The giant cockroach blinks!
The giant cockroach closely misses you.
You closely miss the giant cockroach.
The giant cockroach is severely wounded.
The giant cockroach closely misses you.
You hit the giant cockroach.
Space warps around the giant cockroach.
You kill the giant cockroach!
No target in view!
No target in view!
You see here a giant cockroach corpse.
An adder and a ball python come into view.
There are monsters nearby!
A frilled lizard comes into view.
Found six items.
An endoplasm, a frilled lizard and a ball python come into view. 2 bullfrogs come into view.
The helpless adder fails to defend itself.
You puncture the adder!
You kill the adder!
The ball python hisses angrily.
You see here an adder corpse.
The helpless ball python fails to defend itself.
You puncture the ball python!
You kill the ball python!
The frilled lizard hisses angrily.
The bullfrog gives a loud, deep croak!
The bullfrog croaks.
The frilled lizard hisses angrily.
You completely miss the bullfrog. The bullfrog hits you.
You puncture the bullfrog!
The bullfrog is heavily wounded.
The bullfrog blinks!
You barely miss the endoplasm. The endoplasm freezes you.
You are frozen.
You resist.
You completely miss the bullfrog.
The bullfrog is heavily wounded.
The bullfrog hits you. The endoplasm freezes you.
You are frozen.
You resist.
The bullfrog hits you but does no damage.
The bullfrog hits you.
You puncture the bullfrog!
The bullfrog is almost dead.
The bullfrog blinks!
The bullfrog barely misses you. The ball python barely misses you.
The ball python closely misses you. The endoplasm hits you.
You hit the bullfrog.
Space warps around the bullfrog.
The bullfrog is moderately wounded.
The bullfrog hits you but does no damage.
The ball python barely misses you. x2
The endoplasm hits you but does no damage.
The bullfrog misses you.
You hit the bullfrog.
You kill the bullfrog!
The ball python misses you. The ball python grabs you.
The ball python constricts you. The bullfrog hits you.
The endoplasm freezes you.
You are frozen.
You resist.
The frilled lizard bites you but does no damage.
You hit the ball python.
Space warps around the ball python.
You kill the ball python!
The bullfrog hits you but does no damage.
The endoplasm freezes you.
You are frozen.
You resist.
The frilled lizard closely misses you. x2
The bullfrog closely misses you.
You hit the bullfrog.
Space warps horribly around the bullfrog!
You kill the bullfrog!
The endoplasm barely misses you.
The frilled lizard closely misses you. x2
You hit the frilled lizard.
You kill the frilled lizard!
The endoplasm freezes you.
You are frozen.
You resist.
The frilled lizard bites you but does no damage.
You hit the frilled lizard.
The frilled lizard is heavily wounded.
The endoplasm barely misses you. The frilled lizard closely misses you.
You puncture the frilled lizard!
You kill the frilled lizard!
The endoplasm barely misses you.
You barely miss the endoplasm.
The endoplasm hits you but does no damage.
You puncture the endoplasm!
You kill the endoplasm!
No target in view!
You see here a +4 whip of electrocution.
x - a scroll labelled IGEITO UBOT You now have 329 gold pieces (gained 12).
y - a scroll labelled LAYLATW GOANN
z - a scroll labelled DOASOA DOTHEN You now have 353 gold pieces (gained 24).
You see here a +4 whip of electrocution.
You see here a bullfrog corpse.
There is a gate leading back out of this place here.
You see here a dart slug corpse.
You see here a frilled lizard corpse.
You see here a dart slug corpse.
You see here a ball python skeleton.
Done exploring.
Done exploring.
Done exploring.
Done exploring.
There is a gate leading back out of this place here.
Welcome back to the Dungeon!
Level annotation: Pikel
There is a collapsed entrance here.
You see here a quokka skeleton.
An ufetubus is nearby!
An ufetubus is nearby!
An ufetubus is nearby!
An orc comes into view. It is wielding a +0 short sword.
An orc wizard comes into view. It is wielding a +0 dagger.
The ufetubus splashes around in the water.
The ufetubus hits you. x2
The ufetubus hits you but does no damage.
You completely miss the ufetubus.
The ufetubus hits you but does no damage.
The ufetubus closely misses you.
You hit the ufetubus.
Space warps around the ufetubus.
The ufetubus is severely wounded.
The ufetubus splashes around in the water.
The ufetubus closely misses you. The ufetubus barely misses you.
The ufetubus splashes around in the water.
You hit the ufetubus.
You kill the ufetubus!
The orc shouts!
An orc wizard and 2 orcs come into view.
An orc is wielding a +0 whip and wearing a +0 chain mail of fire resistance.
The orc wizard shouts!
The orc shouts!
You hit the orc wizard.
Space warps around the orc wizard.
The orc wizard is moderately wounded.
You hit the orc wizard but do no damage.
The orc wizard is moderately wounded.
The orc wizard blinks!
The orc wizard mumbles some strange words.
The orc wizard flickers and vanishes!
Deactivating autopickup; reactivate with Ctrl-A.
The orc hits you with a +0 short sword.
You closely miss the orc. The orc completely misses you.
You barely miss the orc. The orc closely misses you.
You hit the orc.
Space warps horribly around the orc!
You kill the orc!
The orc wizard points at you and mumbles some strange words.
The puff of flame hits you. You resist.
You puncture the orc!
You kill the orc!
You puncture the orc wizard!
Space warps horribly around the orc wizard!!
You kill the orc wizard!
You hit the orc.
Space warps around the orc.
You kill the orc!
No target in view!
Something hits you.
There is a strange disturbance nearby!
There is a strange disturbance nearby!
No target in view!
You closely miss something. Something completely misses you.
You closely miss something. Something hits you but does no damage.
You puncture something!
Space warps around something.
Reactivating autopickup.
You feel a bit more experienced.
Found 8 stones.
Items here: ))))) [[[[ ††.
HP restored.
You now have 363 gold pieces (gained 10).
You reach down and open the door.
Found a bloodstained altar of Trog.
There is an open door here.
There is an open door here.
Things that are here:
a +0 leather armour; a +5 falchion of flaming
Things that are here:
a +0 club; an orc skeleton
Items here: ))))) [[ ÷÷÷÷÷÷.
A lemure comes into view.
Items here: ( ))) [ ÷÷.
A lemure is nearby!
A lemure is nearby!
Items here: ))))) [[ ÷÷÷÷÷÷.
Found a scroll labelled DIOCZI LEECK.
Found an escape hatch in the floor.
The stone arrow hits the shadow imp!
The shadow imp is severely wounded.
The shadow imp shouts!
You hear a shout! x2
The stone arrow hits the shadow imp!!
You kill the shadow imp!
A lemure is nearby!
A lemure is nearby!
A lemure comes into view.
The stone arrow hits the lemure!!
The lemure is almost dead.
The stone arrow hits the lemure!!
You kill the lemure!
That felt strangely unrewarding.
You can't see any susceptible monsters within range! (Use Z to cast anyway.)
You can't see any susceptible monsters within range! (Use Z to cast anyway.)
The stone arrow hits the lemure!!
The lemure is almost dead.
You can't see any susceptible monsters within range! (Use Z to cast anyway.)
You can't see any susceptible monsters within range! (Use Z to cast anyway.)
Casting: Stone Arrow (safe; 1% risk of failure)
Confirm with . or Enter, or press ? or * to list all spells.
Casting: Frozen Ramparts (safe; 1% risk of failure)
Press: ? - help, Dir - look around, f - activate The walls around you are covered in ice.
Pikel shouts!
You hear a shout!
The stone arrow hits Pikel!!
Pikel is heavily wounded.
The wall freezes Pikel.
The stone arrow hits Pikel!!
Pikel is almost dead.
The wall freezes Pikel.
You kill Pikel!
With Pikel's spell broken, his former minion thanks you for its freedom.
The lemure departs this earthly plane.
You have reached level 10!
The frozen ramparts melt away.
Things that are here:
a +1 whip of electrocution; a +0 robe
u - 2 scrolls labelled DIOCZI LEECK (gained 1)
g - 4 scrolls labelled XUDEPH JOUMUOG (gained 1)
Things that are here:
a +0 leather armour; a +5 falchion of flaming An orc comes into view.
It is wielding a +0 hand axe.
Things that are here:
a +0 club; an orc skeleton An orc is nearby!
An orc is nearby!
An orc is nearby!
The stone arrow hits the orc!!
You kill the orc!
Items here: ( ))) [ ÷÷.
You see here a +0 club.
An orc wizard comes into view. It is wielding a +0 rapier.
You see here a scroll labelled RAYGIYSIYSK.
An orc wizard is nearby!
The orc wizard shouts!
An orc priest comes into view. It is wielding a +0 mace.
Found 2 fizzy grey potions.
The orc wizard gestures at you while chanting.
The puff of flame hits you but does no damage.
You resist.
Items here: ( ) [ ÷.
An orc comes into view. It is wielding a +0 flail.
The orc wizard hits you with a +0 rapier.
You hit the orc wizard.
The orc wizard is moderately wounded.
The orc wizard hits you with a +0 rapier.
You hit the orc wizard.
The orc wizard is moderately wounded.
The orc wizard blinks!
The orc wizard hits you with a +0 rapier.
You hit the orc wizard.
The orc wizard is devoured by a tear in reality.
The orc priest hits you with a +0 mace.
There are monsters nearby!
There are monsters nearby!
You puncture the orc priest!
Space warps horribly around the orc priest!
You kill the orc priest!
You puncture the orc!
You kill the orc!
No target in view!
No target in view!
No target in view!
No target in view!
No target in view!
No target in view!
No target in view!
No target in view!
Items here: ( ) [ ÷.
j - 7 scrolls labelled RAYGIYSIYSK (gained 1)
Things that are here:
a +0 flail; a +0 mace; an orc corpse
Found a dagger.
e - 4 fizzy grey potions (gained 2)
You see here a +0 dagger.
You now have 369 gold pieces (gained 6).
You now have 390 gold pieces (gained 21).
b - 2 purple potions (gained 1)
A - a golden potion
Things that are here:
a +2 chain mail of poison resistance; a +0 rapier
Things that are here:
a +0 robe; a +0 dagger
Things that are here:
a +0 robe; a +0 dagger
Found a stone staircase leading down.
n - 4 scrolls labelled KUTRAO NYTROZ (gained 1)
z - 2 scrolls labelled DOASOA DOTHEN (gained 1)
B - a scroll labelled XIOCLA YSYSETA
e - 5 fizzy grey potions (gained 1)
There is an escape hatch in the floor here.
There is an escape hatch in the ceiling here.
You see here a +0 dagger.
Done exploring.
Done exploring.
Done exploring.
Done exploring.
Done exploring.
Things that are here:
a +0 leather armour; a +0 hand axe You see here a howler monkey skeleton.
There is a stone staircase leading down here.
You fly downwards.
There is a stone staircase leading up here.
An ice beast is nearby!
The stone arrow hits the ice beast!!
The ice beast is severely wounded.
The stone arrow hits the ice beast!!
You kill the ice beast!
Your Spellcasting skill increases to level 11!
Your Conjurations skill increases to level 11!
Your Hexes skill increases to level 11!
Your Summonings skill increases to level 11!
Your Necromancy skill increases to level 11!
Your Translocations skill increases to level 11!
Your Fire Magic skill increases to level 11!
Your Ice Magic skill increases to level 11!
Your Air Magic skill increases to level 11!
Your Earth Magic skill increases to level 11!
Your Alchemy skill increases to level 11!
HP restored.
A gnoll sergeant comes into view.
It is wielding a +2 trident of distortion.
You can't see any susceptible monsters within range! (Use Z to cast anyway.)
You can't see any susceptible monsters within range! (Use Z to cast anyway.)
Casting: Stone Arrow (safe; 1% risk of failure)
Confirm with . or Enter, or press ? or * to list all spells.
You can't see any susceptible monsters within range! (Use Z to cast anyway.) Unknown command.
Casting: Stone Arrow (safe; 1% risk of failure)
Confirm with . or Enter, or press ? or * to list all spells.
Casting: Frozen Ramparts (safe; 1% risk of failure)
Press: ? - help, Dir - look around, f - activate The walls around you are covered in ice.
The gnoll sergeant shouts!
A gnoll comes into view. It is wielding a +0 spear.
A gnoll comes into view. It is wielding a +0 club.
The stone arrow hits the gnoll sergeant!!
The gnoll sergeant is almost dead.
The gnoll shouts!
The stone arrow hits the gnoll sergeant!!
You kill the gnoll sergeant!
You hear a shout!
A gnoll comes into view. It is wielding a +0 whip.
The stone arrow hits the gnoll!
The gnoll is almost dead.
The wall freezes the gnoll!
You kill the gnoll!
The stone arrow hits the gnoll!!
You kill the gnoll!
The stone arrow hits the gnoll!!
You kill the gnoll!
The frozen ramparts melt away.
A howler monkey comes into view.
The howler monkey howls!
You hear a howl!
The howler monkey hoots and howls with incredible vigour!
A howler monkey comes into view.
There are monsters nearby!
There are monsters nearby!
A howler monkey comes into view.
The stone arrow hits the howler monkey!!
You kill the howler monkey!
The howler monkey hoots and howls with incredible vigour!
The stone arrow misses the howler monkey.
The stone arrow misses the howler monkey.
The stone arrow hits the howler monkey!!
You kill the howler monkey!
The stone arrow misses the howler monkey.
The howler monkey hoots and howls with incredible vigour!
The howler monkey barely misses you.
The stone arrow hits the howler monkey!!
You kill the howler monkey!
You see here a +0 spear.
Items here: )) [ ††.
Found a sling.
Found a stone staircase leading up.
d - 2 murky blue potions (gained 1)
You see here a +0 club.
You see here a howler monkey corpse.
You see here a howler monkey corpse.
Found 3 javelins.
You now have 406 gold pieces (gained 16).
x - 3 scrolls labelled IGEITO UBOT (gained 2)
Found a mace.
C - a +6 ring of strength
Found a stone staircase leading up.
You feel stronger.
C - a +6 ring of strength (right hand)
Found a book of Burglary.
You now have 414 gold pieces (gained 8).
An ice beast comes into view.
You see here an amulet of guardian spirit.
An ice beast is nearby!
You can't see any susceptible monsters within range! (Use Z to cast anyway.)
You can't see any susceptible monsters within range! (Use Z to cast anyway.)
The stone arrow hits the ice beast!!
The ice beast is severely wounded.
The stone arrow misses the ice beast.
The stone arrow hits the ice beast!
The ice beast is almost dead.
The ice beast hits you. The ice beast freezes you. You resist.
The stone arrow hits the ice beast!
You kill the ice beast!
You see here an amulet of guardian spirit.
You see here a +0 mace.
A water moccasin comes into view.
You see here a book of Burglary.
A water moccasin is nearby!
A water moccasin is nearby!
You can't see any susceptible monsters within range! (Use Z to cast anyway.)
You can't see any susceptible monsters within range! (Use Z to cast anyway.)
You see here a scroll labelled RAYGIYSIYSK.
The stone arrow hits the water moccasin!!
The water moccasin is almost dead.
The water moccasin hisses angrily.
The stone arrow hits the water moccasin!!
You kill the water moccasin!
j - 8 scrolls labelled RAYGIYSIYSK (gained 1)
A killer bee comes into view.
Found a scroll labelled WAMEUZOCKI.
The killer bee buzzes angrily.
A killer bee comes into view.
A killer bee comes into view. x2
The killer bee moves out of view.
The killer bee stings you but does no damage.
The killer bee closely misses you. The killer bee stings you.
Casting: Stone Arrow (safe; 1% risk of failure)
Confirm with . or Enter, or press ? or * to list all spells.
Casting: Frozen Ramparts (safe; 1% risk of failure)
Press: ? - help, Dir - look around, f - activate The walls around you are covered in ice.
The wall freezes the killer bee.
The killer bee barely misses you.
The wall freezes the killer bee.
The killer bee closely misses you.
The wall freezes the killer bee.
The killer bee closely misses you.
The wall freezes the killer bee.
The killer bee stings you but does no damage.
The wall freezes the killer bee.
You kill the killer bee!
What are your orders? t - Shout!
Orders for allies: a - Attack new target. r - Retreat! s - Stop attacking. g - Guard the area. f - Follow me.
Anything else - Cancel.
You shout for attention!
You hear an angry buzzing noise. x2
The frozen ramparts melt away.
You now have 425 gold pieces (gained 11).
s - 3 scrolls labelled WAMEUZOCKI (gained 1)
A bullfrog comes into view.
Found a short sword.
The stone arrow hits the bullfrog!!
You kill the bullfrog!
You now have 437 gold pieces (gained 12).
Found a ring mail.
You now have 452 gold pieces (gained 15).
A sky beast comes into view.
You can't see any susceptible monsters within range! (Use Z to cast anyway.)
The stone arrow hits the sky beast!!
The sky beast is severely wounded.
The stone arrow hits the sky beast!!
You kill the sky beast!
You see here a +0 short sword.
A killer bee is nearby!
A killer bee is nearby!
A killer bee is nearby!
The killer bee buzzes angrily.
You hear an angry buzzing noise.
A killer bee comes into view.
Casting: Stone Arrow (safe; 1% risk of failure)
Confirm with . or Enter, or press ? or * to list all spells.
Casting: Frozen Ramparts (safe; 1% risk of failure)
Press: ? - help, Dir - look around, f - activate The walls around you are covered in ice.
The killer bee buzzes angrily.
You hear an angry buzzing noise. x2
The wall freezes the killer bee.
The killer bee stings you.
A killer bee comes into view.
The wall freezes the killer bee.
The killer bee closely misses you.
The killer bee moves out of view.
The wall freezes the killer bee.
The killer bee closely misses you.
The wall freezes the killer bee but does no damage.
The killer bee barely misses you.
The wall freezes the killer bee!
You kill the killer bee!
The wall freezes the killer bee. x2
The wall freezes the killer bee.
The killer bee stings you but does no damage.
The wall freezes the killer bee. x3; The killer bee stings you.
The wall freezes the killer bee.
The wall freezes the killer bee.
The killer bee completely misses you.
The wall freezes the killer bee!
You kill the killer bee!
The wall freezes the killer bee. x2; The killer bee misses you.
The wall freezes the killer bee!
The wall freezes the killer bee.
The killer bee barely misses you.
The wall freezes the killer bee.
The killer bee closely misses you.
The wall freezes the killer bee.
You kill the killer bee!
The wall freezes the killer bee. x2; The killer bee stings you.
The wall freezes the killer bee.
The killer bee stings you.
The wall freezes the killer bee.
The killer bee closely misses you.
The wall freezes the killer bee.
You kill the killer bee!
The wall freezes the killer bee.
The killer bee stings you but does no damage.
The wall freezes the killer bee.
You kill the killer bee!
The frozen ramparts melt away.
Found a stone staircase leading down.
Found a stone staircase leading down.
Found a ring mail.
D - a +6 ring of strength
Found a staircase to the Ecumenical Temple.
Found a stone staircase leading down.
You see here a +0 ring mail.
Done exploring.
There is a staircase to the Ecumenical Temple here.
You fly downwards.
Welcome to the Ecumenical Temple!
Found eighteen altars.
Found a staircase back to the Dungeon.
There is a staircase back to the Dungeon here.
You can't see any susceptible monsters within range! (Use Z to cast anyway.)
Okay, then.
There is an ancient bone altar of Kikubaaqudgha here.
You hover solemnly before the altar of Kikubaaqudgha.
Kikubaaqudgha does not accept worship from those such as you!
There is a staircase back to the Dungeon here.
There is a burning altar of Makhleb here.
You hover solemnly before the altar of Makhleb.
Makhleb welcomes you!
There is a staircase back to the Dungeon here.
You fly upwards.
Welcome back to the Dungeon!
There is a staircase to the Ecumenical Temple here.
Done exploring.
Done exploring.
Done exploring.
There is a stone staircase leading down here.
You fly downwards.
Found a steam dragon corpse.
There is a stone staircase leading up here.
Found a vampire mosquito corpse and a centaur corpse.
Found a hide-covered altar of Uskayaw.
A hornet comes into view.
The hornet buzzes angrily.
A hornet is nearby!
The stone arrow hits the hornet!!
The hornet is severely wounded.
The hornet barely misses you. The hornet closely misses you.
The stone arrow hits the hornet!
You kill the hornet!
Makhleb accepts your kill.
HP restored.
Found an orc corpse, a kobold corpse and a water moccasin corpse.
You see here a hornet corpse.
An orc comes into view. It is wielding a +0 arbalest.
An orc is nearby!
The orc shoots a bolt.
The bolt barely misses you.
An orc comes into view. It is wielding a +0 whip.
You can't see any susceptible monsters within range! (Use Z to cast anyway.)
An orc comes into view. It is wielding a +0 flail.
An orc comes into view. It is wielding a +0 whip.
The orc shoots a bolt.
The bolt hits you but does no damage.
The orc shouts! x2
The stone arrow hits the orc!!
You kill the orc!
Makhleb accepts your kill.
The orc shouts!
You hear a shout!
The stone arrow misses the orc.
An orc warrior comes into view. It is wielding a +0 halberd.
The stone arrow hits the orc!!
You kill the orc!
Makhleb accepts your kill.
The stone arrow hits the orc!!
You kill the orc!
Makhleb accepts your kill.
The stone arrow hits the orc!
The orc is almost dead.
The stone arrow hits the orc!!
You kill the orc!
Makhleb accepts your kill.
A wyvern comes into view.
An orc warrior comes into view. It is wielding a +0 battleaxe.
The stone arrow hits the orc warrior!!
The orc warrior is severely wounded.
The wyvern hisses angrily.
The orc warrior shouts!
An orc wizard comes into view.
It is wielding a +1 dagger of electrocution.
The stone arrow hits the orc warrior!
You kill the orc warrior!
Makhleb accepts your kill.
The orc wizard shouts!
You are too injured to fight recklessly!
Casting: Stone Arrow (safe; 1% risk of failure)
Confirm with . or Enter, or press ? or * to list all spells.
Casting: Frozen Ramparts (safe; 1% risk of failure)
Press: ? - help, Dir - look around, f - activate The walls around you are covered in ice.
You are too injured to fight recklessly!
Casting: Frozen Ramparts (safe; 1% risk of failure)
Confirm with . or Enter, or press ? or * to list all spells.
You cannot sustain more frozen ramparts right now.
Unknown command.
Unknown command.
Casting: Frozen Ramparts (safe; 1% risk of failure)
Confirm with . or Enter, or press ? or * to list all spells.
Aiming: Stone Arrow (safe; 1% risk of failure)
Press: ? - help, Shift-Dir - straight line, f - wyvern
Aim: a wyvern (78% to hit)
The stone arrow misses the wyvern.
The wall freezes the wyvern!
An orc wizard comes into view. It is wielding a +0 dagger.
Casting: Stone Arrow (safe; 1% risk of failure)
Confirm with . or Enter, or press ? or * to list all spells.
You don't know that spell.
Casting: Stone Arrow (safe; 1% risk of failure)
Confirm with . or Enter, or press ? or * to list all spells.
You don't know that spell.
Unknown command.
Casting: Stone Arrow (safe; 1% risk of failure)
Confirm with . or Enter, or press ? or * to list all spells.
Aiming: Vampiric Draining (safe; 1% risk of failure)
Press: ? - help, Shift-Dir - straight line, f/p - wyvern
Aim: a wyvern (moderately wounded)
You draw life force from the wyvern!
You feel life coursing into your body.
The wall freezes the wyvern.
The wyvern closely misses you.
Casting: Vampiric Draining (safe; 1% risk of failure)
Confirm with . or Enter, or press ? or * to list all spells.
Aiming: Vampiric Draining (safe; 1% risk of failure)
Press: ? - help, Shift-Dir - straight line, f/p - wyvern
Aim: a wyvern (severely wounded)
You draw life force from the wyvern!
You kill the wyvern!
Makhleb accepts your kill.
You feel life coursing into your body.
The wall freezes the orc warrior!
Your Spellcasting skill increases to level 12!
Your Conjurations skill increases to level 12!
Your Hexes skill increases to level 12!
Your Summonings skill increases to level 12!
Your Necromancy skill increases to level 12!
Your Translocations skill increases to level 12!
Your Fire Magic skill increases to level 12!
Your Ice Magic skill increases to level 12!
Your Air Magic skill increases to level 12!
Your Earth Magic skill increases to level 12!
Your Alchemy skill increases to level 12!
Casting: Vampiric Draining (safe; 1% risk of failure)
Confirm with . or Enter, or press ? or * to list all spells.
Aiming: Vampiric Draining (safe; 1% risk of failure)
Press: ? - help, Shift-Dir - straight line, f - orc warrior
Aim: an orc warrior, wielding a +0 battleaxe and wearing a +0 plate armour (moderately wounded)
You draw life force from the orc warrior!
You feel life coursing into your body!
The wall freezes the orc warrior!
You kill the orc warrior!
Makhleb accepts your kill.
Casting: Vampiric Draining (safe; 1% risk of failure)
Confirm with . or Enter, or press ? or * to list all spells.
You can't see any susceptible monsters within range! (Use Z to cast anyway.) Unknown command.
The wall freezes the orc wizard!
The orc wizard gestures at you while chanting.
The puff of flame misses you.
Casting: Vampiric Draining (safe; 1% risk of failure)
Confirm with . or Enter, or press ? or * to list all spells.
You don't know that spell.
The wall freezes the orc wizard.
You kill the orc wizard!
Makhleb accepts your kill.
The wall freezes the orc wizard.
Casting: Vampiric Draining (safe; 1% risk of failure)
Confirm with . or Enter, or press ? or * to list all spells.
Aiming: Vampiric Draining (safe; 1% risk of failure)
Press: ? - help, Shift-Dir - straight line, f - orc wizard
Aim: an orc wizard, wielding a +0 dagger and wearing a +0 robe (heavily wounded)
You draw life force from the orc wizard!
You feel life coursing into your body.
The wall freezes the orc wizard!
You kill the orc wizard!
Makhleb accepts your kill.
The frozen ramparts melt away.
Items here: )) [[ †.
Items here: ))) [[[ ††.
You now have 466 gold pieces (gained 14).
A bullfrog comes into view.
You see here a scroll of teleportation.
A bullfrog is nearby!
A bullfrog is nearby!
A bullfrog is nearby!
A steam dragon comes into view.
You can't see any susceptible monsters within range! (Use Z to cast anyway.)
You can't see any susceptible monsters within range! (Use Z to cast anyway.)
You can't see any susceptible monsters within range! (Use Z to cast anyway.)
A yak comes into view.
The stone arrow hits the bullfrog!
The bullfrog is heavily wounded.
The bullfrog gives a loud, deep croak!
The yak bellows!
The steam dragon hisses angrily.
The stone arrow hits the bullfrog!!
You kill the bullfrog!
Makhleb accepts your kill. The steam dragon breathes steam at you.
The ball of steam misses you.
You hear a bellow!
You hear a shout!
You can't see any susceptible monsters within range! (Use Z to cast anyway.)
Casting: Stone Arrow (safe; 1% risk of failure)
Confirm with . or Enter, or press ? or * to list all spells.
Casting: Frozen Ramparts (safe; 1% risk of failure)
Press: ? - help, Dir - look around, f - activate The walls around you are covered in ice.
A yak comes into view.
The stone arrow hits the yak!!
The yak is severely wounded.
The yak bellows!
The stone arrow hits the steam dragon!
The steam dragon is heavily wounded.
The wall freezes the steam dragon.
A yak comes into view. x2
The stone arrow hits the steam dragon!!
You kill the steam dragon!
Makhleb accepts your kill.
The steam dragon scales are intact enough to wear.
The yak bellows! x2
A yak comes into view.
The stone arrow misses the yak.
The stone arrow hits the yak!
You kill the yak!
Makhleb accepts your kill.
The yak bellows!
A centaur comes into view.
The wall freezes the yak but does no damage.
Casting: Stone Arrow (safe; 1% risk of failure)
Confirm with . or Enter, or press ? or * to list all spells.
You don't know that spell.
Unknown command.
Unknown command.
Casting: Stone Arrow (safe; 1% risk of failure)
Confirm with . or Enter, or press ? or * to list all spells.
Aiming: Vampiric Draining (safe; 1% risk of failure)
Press: ? - help, Shift-Dir - straight line, f/p - yak
Aim: a yak You draw life force from the yak!
You feel life coursing into your body.
The wall freezes the yak.
The yak gores you!
Casting: Vampiric Draining (safe; 1% risk of failure)
Confirm with . or Enter, or press ? or * to list all spells.
Aiming: Vampiric Draining (safe; 1% risk of failure)
Press: ? - help, Shift-Dir - straight line, f/p - yak
Aim: a yak (moderately wounded)
You draw life force from the yak.
You feel life coursing into your body.
The wall freezes the yak.
The yak misses you.
Casting: Vampiric Draining (safe; 1% risk of failure)
Confirm with . or Enter, or press ? or * to list all spells.
Aiming: Vampiric Draining (safe; 1% risk of failure)
Press: ? - help, Shift-Dir - straight line, f/p - yak
Aim: a yak (heavily wounded)
You draw life force from the yak!
You feel life coursing into your body.
The wall freezes the yak.
Casting: Vampiric Draining (safe; 1% risk of failure)
Confirm with . or Enter, or press ? or * to list all spells.
Aiming: Vampiric Draining (safe; 1% risk of failure)
Press: ? - help, Shift-Dir - straight line, f/p - yak
Aim: a yak (severely wounded)
You draw life force from the yak!
You kill the yak!
Makhleb accepts your kill.
You feel life coursing into your body.
The frozen ramparts melt away.
The centaur wields a +0 orcbow.
The centaur shoots an arrow.
The arrow hits you!
* * * LOW HITPOINT WARNING * * *
Okay, then.
As you read the scroll of teleportation, it crumbles to dust.
You feel strangely unstable.
You hit the yak.
Space warps horribly around the yak!
The yak is severely wounded.
The yak gores you.
* * * LOW HITPOINT WARNING * * *
The yak gores you!
* * * LOW HITPOINT WARNING * * *
The yak snorts and paws the ground.
The yak closely misses you. The yak attacks as it pursues you!
The yak gores you but does no damage.
Your surroundings suddenly seem different.
Found a trident.
Found a stone staircase leading down.
The centaur shoots an arrow.
The arrow hits you.
* * * LOW HITPOINT WARNING * * *
Okay, then.
Okay, then.
As you read the scroll of teleportation, it crumbles to dust.
You feel strangely unstable.
The centaur shoots an arrow.
The arrow hits you!
You die...

#........## .#
#..##...... . ...#
#####...... .. ...
#..........
...#####.#####.##.......
.......#....#...........
............#...........
#......###...........
#..@....#?..........
#...†.†cYYY##......#
.......#..#####......#
............# ###.....
......##....# ##...#
..)...#.....# .......#
.....>##..... ........
...#.. #...... .........
....... ?........


You could see 3 yaks and a centaur.

Vanquished Creatures
  Pikel (D:6)
  A hornet (D:8)
  Grinder (D:4)
  Sigmund (D:4)
  A wyvern (D:8)
  Eustachio (D:6)
  2 yaks (D:8)
  A steam dragon (D:8)
  Duvessa (D:6)
  2 water moccasins
  2 orc warriors (D:8)
  A sky beast (D:7)
  A black bear (D:5)
  3 ice beasts
  A lemure (D:6)
  Blork the orc (D:4)
  4 bullfrogs
  2 gnoll sergeants
  2 scorpions (D:5)
  Dowan (D:6)
  6 killer bees (D:7)
  5 howler monkeys
  3 hounds (D:5)
  2 bombardier beetles (D:4)
  4 orc priests
  A jelly (D:5)
  2 iguanas (D:5)
  8 orc wizards
  7 gnolls
  21 adders
  A shadow imp (D:6)
  4 ufetubi
  11 dart slugs
  2 ribbon worms
  28 orcs
  6 bats
  13 endoplasms
  7 giant cockroaches
  6 goblins
  7 hobgoblins
  11 jackals
  15 quokkas
  15 ball pythons
  14 frilled lizards
  12 kobolds
  3 rats
244 creatures vanquished.

Vanquished Creatures (collateral kills)
  A bat (D:2)
  A goblin (D:2)
2 creatures vanquished.

Grand Total: 246 creatures vanquished

Notes
Turn   | Place    | Note
-------+----------+-------------------------------------------
     0 | D:1      | sleeves the Djinni Necromancer began the quest for the Orb.
     0 | D:1      | sleeves set off with the following spells memorised:
                  | Necrotise, Vampiric Draining, Animate Dead, Curse of Agony.
     0 | D:1      | Reached XP level 1. HP: 15/15 MP: 0/0
   107 | D:1      | Reached XP level 2. HP: 13/21 MP: 0/0
   290 | D:1      | Reached skill level 4 in Spellcasting
   290 | D:1      | Reached skill level 4 in Conjurations
   290 | D:1      | Reached skill level 4 in Hexes
   290 | D:1      | Reached skill level 4 in Summonings
   290 | D:1      | Reached skill level 4 in Necromancy
   290 | D:1      | Reached skill level 4 in Translocations
   290 | D:1      | Reached skill level 4 in Fire Magic
   290 | D:1      | Reached skill level 4 in Ice Magic
   290 | D:1      | Reached skill level 4 in Air Magic
   290 | D:1      | Reached skill level 4 in Earth Magic
   290 | D:1      | Reached skill level 4 in Alchemy
   511 | D:1      | Reached XP level 3. HP: 25/25 MP: 0/0
   511 | D:1      | Learned a level 1 spell: Kiss of Death
   566 | D:1      | HP: 10/25 [hobgoblin (2)]
  1091 | D:2      | Reached XP level 4. HP: 30/31 MP: 0/0
  1158 | D:2      | Identified the +1 leather armour of Negation {rCorr Str+4
                  | Int-2 Dex-3}
  1436 | D:2      | You are sucked into a shaft and drop 2 floors!
  1600 | D:2      | Reached XP level 5. HP: 32/35 MP: 0/0
  1600 | D:2      | Learned a level 2 spell: Searing Ray
  1630 | D:2      | Reached skill level 5 in Spellcasting
  1630 | D:2      | Reached skill level 5 in Conjurations
  1630 | D:2      | Reached skill level 5 in Hexes
  1630 | D:2      | Reached skill level 5 in Summonings
  1630 | D:2      | Reached skill level 5 in Necromancy
  1630 | D:2      | Reached skill level 5 in Translocations
  1630 | D:2      | Reached skill level 5 in Fire Magic
  1630 | D:2      | Reached skill level 5 in Ice Magic
  1630 | D:2      | Reached skill level 5 in Air Magic
  1630 | D:2      | Reached skill level 5 in Earth Magic
  1630 | D:2      | Reached skill level 5 in Alchemy
  2185 | D:3      | Found Zuek's General Store.
  2193 | D:3      | Bought a scroll of teleportation for 42 gold pieces
  2271 | D:3      | Found a faded altar of an unknown god.
  3047 | D:4      | Noticed Sigmund
  3128 | D:4      | Noticed Blork the orc
  3315 | D:4      | Reached XP level 6. HP: 35/40 MP: 0/0
  3617 | D:4      | Noticed Grinder
  3667 | D:4      | Reached skill level 6 in Spellcasting
  3667 | D:4      | Reached skill level 6 in Conjurations
  3667 | D:4      | Reached skill level 6 in Hexes
  3667 | D:4      | Reached skill level 6 in Summonings
  3667 | D:4      | Reached skill level 6 in Necromancy
  3667 | D:4      | Reached skill level 6 in Translocations
  3667 | D:4      | Reached skill level 6 in Fire Magic
  3667 | D:4      | Reached skill level 6 in Ice Magic
  3667 | D:4      | Reached skill level 6 in Air Magic
  3667 | D:4      | Reached skill level 6 in Earth Magic
  3667 | D:4      | Reached skill level 6 in Alchemy
  3719 | D:4      | HP: 13/40 [Sigmund/+2 scythe of venom (11)]
  3829 | D:4      | Killed Sigmund
  3830 | D:4      | Reached XP level 7. HP: 41/45 MP: 0/0
  3830 | D:4      | Learned a level 3 spell: Stone Arrow
  4200 | D:4      | Killed Grinder
  4201 | D:4      | Reached skill level 7 in Spellcasting
  4201 | D:4      | Reached skill level 7 in Conjurations
  4201 | D:4      | Reached skill level 7 in Hexes
  4201 | D:4      | Reached skill level 7 in Summonings
  4201 | D:4      | Reached skill level 7 in Necromancy
  4201 | D:4      | Reached skill level 7 in Translocations
  4201 | D:4      | Reached skill level 7 in Fire Magic
  4201 | D:4      | Reached skill level 7 in Ice Magic
  4201 | D:4      | Reached skill level 7 in Air Magic
  4201 | D:4      | Reached skill level 7 in Earth Magic
  4201 | D:4      | Reached skill level 7 in Alchemy
  4271 | D:4      | Killed Blork the orc
  4334 | D:5      | Entered Level 5 of the Dungeon
  4357 | D:5      | Found a blossoming altar of Fedhas.
  4363 | D:5      | Reached XP level 8. HP: 47/50 MP: 0/0
  4525 | D:5      | Identified the +10 dagger of Tumult {distort, rElec rC++
                  | rN+++ Str-3}
  4764 | D:5      | HP: 22/50 [something (4)]
  4771 | D:5      | Reached skill level 8 in Spellcasting
  4771 | D:5      | Reached skill level 8 in Conjurations
  4771 | D:5      | Reached skill level 8 in Hexes
  4771 | D:5      | Reached skill level 8 in Summonings
  4771 | D:5      | Reached skill level 8 in Necromancy
  4771 | D:5      | Reached skill level 8 in Translocations
  4771 | D:5      | Reached skill level 8 in Fire Magic
  4771 | D:5      | Reached skill level 8 in Ice Magic
  4771 | D:5      | Reached skill level 8 in Air Magic
  4771 | D:5      | Reached skill level 8 in Earth Magic
  4771 | D:5      | Reached skill level 8 in Alchemy
  4941 | D:5      | Identified the +3 leather armour of Tortured Music {+Blink
                  | Fly rF- rC+}
  5355 | D:6      | Noticed Duvessa
  5355 | D:6      | Noticed Dowan
  5362 | D:6      | HP: 16/50 [Duvessa/+0 rapier (13)]
  5363 | D:6      | Killed Duvessa
  5372 | D:6      | Killed Dowan
  5373 | D:6      | Reached skill level 9 in Spellcasting
  5373 | D:6      | Reached skill level 9 in Conjurations
  5373 | D:6      | Reached skill level 9 in Hexes
  5373 | D:6      | Reached skill level 9 in Summonings
  5373 | D:6      | Reached skill level 9 in Necromancy
  5373 | D:6      | Reached skill level 9 in Translocations
  5373 | D:6      | Reached skill level 9 in Fire Magic
  5373 | D:6      | Reached skill level 9 in Ice Magic
  5373 | D:6      | Reached skill level 9 in Air Magic
  5373 | D:6      | Reached skill level 9 in Earth Magic
  5373 | D:6      | Reached skill level 9 in Alchemy
  5373 | D:6      | Reached XP level 9. HP: 11/55 MP: 0/0
  5373 | D:6      | Learned a level 3 spell: Frozen Ramparts
  5546 | D:6      | Noticed Eustachio
  5553 | D:6      | Killed Eustachio
  5566 | D:6      | HP: 22/55 [orc/+0 club (2)]
  5573 | D:6      | Noticed Pikel
  5611 | D:6      | HP: 26/55 [scorpion (1)]
  5706 | D:6      | Reached skill level 10 in Spellcasting
  5706 | D:6      | Reached skill level 10 in Conjurations
  5706 | D:6      | Reached skill level 10 in Hexes
  5706 | D:6      | Reached skill level 10 in Summonings
  5706 | D:6      | Reached skill level 10 in Necromancy
  5706 | D:6      | Reached skill level 10 in Translocations
  5706 | D:6      | Reached skill level 10 in Fire Magic
  5706 | D:6      | Reached skill level 10 in Ice Magic
  5706 | D:6      | Reached skill level 10 in Air Magic
  5706 | D:6      | Reached skill level 10 in Earth Magic
  5706 | D:6      | Reached skill level 10 in Alchemy
  5741 | D:6      | Found a glowing drain.
  5766 | Sewer    | Entered a sewer
  6307 | D:6      | Found a bloodstained altar of Trog.
  6353 | D:6      | Killed Pikel
  6354 | D:6      | Reached XP level 10. HP: 40/60 MP: 0/0
  6969 | D:7      | Reached skill level 11 in Spellcasting
  6969 | D:7      | Reached skill level 11 in Conjurations
  6969 | D:7      | Reached skill level 11 in Hexes
  6969 | D:7      | Reached skill level 11 in Summonings
  6969 | D:7      | Reached skill level 11 in Necromancy
  6969 | D:7      | Reached skill level 11 in Translocations
  6969 | D:7      | Reached skill level 11 in Fire Magic
  6969 | D:7      | Reached skill level 11 in Ice Magic
  6969 | D:7      | Reached skill level 11 in Air Magic
  6969 | D:7      | Reached skill level 11 in Earth Magic
  6969 | D:7      | Reached skill level 11 in Alchemy
  7730 | D:7      | Found a staircase to the Ecumenical Temple.
  8002 | Temple   | Entered the Ecumenical Temple
  8020 | Temple   | Became a worshipper of Makhleb the Destroyer
  8068 | D:8      | Found a hide-covered altar of Uskayaw.
  8121 | D:8      | Reached skill level 12 in Spellcasting
  8121 | D:8      | Reached skill level 12 in Conjurations
  8121 | D:8      | Reached skill level 12 in Hexes
  8121 | D:8      | Reached skill level 12 in Summonings
  8121 | D:8      | Reached skill level 12 in Necromancy
  8121 | D:8      | Reached skill level 12 in Translocations
  8121 | D:8      | Reached skill level 12 in Fire Magic
  8121 | D:8      | Reached skill level 12 in Ice Magic
  8121 | D:8      | Reached skill level 12 in Air Magic
  8121 | D:8      | Reached skill level 12 in Earth Magic
  8121 | D:8      | Reached skill level 12 in Alchemy
  8226 | D:8      | HP: 25/60 [centaur/arrow (9)]
  8228 | D:8      | HP: 8/60 [yak (12)]
  8230 | D:8      | HP: 2/60 [centaur/arrow (6)]
  8231 | D:8      | Shot with an arrow by a centaur

Illustrated notes

Levels and vault maps discovered:
D:1:      minmay_arrival_nine_rooms, layout_loops_ring,
          chequers_serial_rivers_room_a, roderic_serpentine_path
D:2:      layout_loops_ring, kennysheep_generic_room_7
D:3:      layout_basic, shapermc_ecumenical_altar_mp_ritualfount, serial_shops,
          shop, corexii_hall_statues_deadend, grunt_decor_clamped,
          nicolae_houndstooth_variations
D:4:      layout_cave_pods, serial_column_ruins, column_ruins_hut,
          column_ruins_hut_ruined, column_ruins_open_tiny, column_ruins_grid_4,
          column_ruins_grid_1, column_ruins_columns_straight,
          column_ruins_corridor_straight, uniq_sigmund, uniq_grinder,
          uniq_blork_the_orc
D:5:      minmay_chambers_of_fours, layout_basic, fedhas_altar_1,
          serial_bayou_pond_c
D:6:      layout_basic, lightli_temple_of_fire, gup_sewer_entry_pipe,
          uniq_duvessa, uniq_eustachio, uniq_pikel
D:7:      layout_cave_pods, minmay_temple_entry_gardened_gates
D:8:      layout_cave_pools, nicolae_overflow_crystal_walls,
          nicolae_uskayaw_murder_on_the_dancefloor, erik_lair_dragon,
          uniq_maurice
Temple:   nicolae_temple_no_exploring_needed

Skill      XL: |  1  2  3  4  5  6  7  8  9 10 |
---------------+-------------------------------+-----
Spellcasting   | 4 5 6 7 9 10 12 | 12.3
Conjurations   | 4 5 6 7 9 10 12 | 12.3
Hexes          | 4 5 6 7 9 10 12 | 12.3
Summonings     | 4 5 6 7 9 10 12 | 12.3
Necromancy     | 4 5 6 7 9 10 12 | 12.3
Translocations | 4 5 6 7 9 10 12 | 12.3
Fire Magic     | 4 5 6 7 9 10 12 | 12.3
Ice Magic      | 4 5 6 7 9 10 12 | 12.3
Air Magic      | 4 5 6 7 9 10 12 | 12.3
Earth Magic    | 4 5 6 7 9 10 12 | 12.3
Alchemy        | 4 5 6 7 9 10 12 | 12.3
Dodging        | |  2.1
Stealth        | |  1.5

Action                     |  1- 3 |  4- 6 |  7- 9 | 10-12 || total
---------------------------+-------+-------+-------+-------++-------
  Melee: Dagger            |    18 |    32 |   143 |     6 ||   199
   Cast: Necrotise         |    51 |   104 |     7 |       ||   162
         Searing Ray       |       |     3 |     6 |       ||     9
         Stone Arrow       |       |       |    59 |    40 ||    99
         Vampiric Draining |       |       |     2 |     8 ||    10
         Frozen Ramparts   |       |       |     4 |     5 ||     9
    Use: Scroll            |       |       |       |     2 ||     2
   Stab: Sleeping          |     1 |     1 |     4 |       ||     6
 Armour: Robe              |    15 |    34 |    85 |    23 ||   157
         Leather armour    |       |    11 |    28 |       ||    39
  Dodge: Dodged            |     9 |    37 |    97 |    21 ||   164

Table legend: (Time is in decaauts)
 A = Elapsed time spent in this place.
 B = Non-inter-level travel time spent in this place.
 C = Inter-level travel time spent in this place.
 D = Time resting spent in this place.
 E = Time spent auto-exploring this place.
 F = Levels seen in this place.
 G = Mean time per level.
                   A        B        C        D        E       F      G
               +--------+--------+--------+--------+--------+-----+--------+
         Total |   8229 |   7730 |    499 |    113 |   6426 |  10 |  822.9 |
       Dungeon |   7734 |   7258 |    476 |    113 |   6149 |   8 |  966.8 |
        Temple |     24 |      2 |     22 |      0 |      0 |   1 |   24.0 |
         Sewer |    469 |    469 |      0 |      0 |    277 |   1 |  469.0 |
               +--------+--------+--------+--------+--------+-----+--------+

Top non-repeatable levels by time:
     D:4: 1219 daAuts
     D:3: 1203 daAuts
     D:5: 1089 daAuts
     D:6: 1071 daAuts
     D:7: 1064 daAuts
     D:1: 1032 daAuts
     D:2: 880 daAuts
   Sewer: 469 daAuts
     D:8: 174 daAuts
  Temple: 24 daAuts
